 Dungeon Crawl Stone Soup version 0.32-a0-938-g40ac7a0 (webtiles) character file.

Game seed: 9947544502773506245

163522 sasameki the Gelid (level 17, -4/133 HPs)
             Began as a Barachi Conjurer on Apr 19, 2024.
             Was the Champion of Vehumet.
             Killed from afar by a white draconian knight (12 damage)
             ... with a bolt of cold
             ... in an ice cave on Apr 20, 2024.
             The game lasted 03:41:36 (41892 turns).

sasameki the Gelid (Barachi Conjurer)              Turns: 41892, Time: 03:41:37

Health: -4/133     AC: 12    Str:  8    XL:     17   Next: 83%
Magic:  4/48       EV: 11    Int: 29    God:    Vehumet [******]
Gold:   602        SH:  0    Dex: 15    Spells: 3/52 levels left

rFire   + . .        w - staff of the Stork {rN+ Dex+3 SInv Necro}
rCold   + + .        O - orb {*channel}
rNeg    + . .        n - +2 robe {Will+}
rPois   +            H - +1 helmet "Asturemm" {rC+}
rElec   .            t - +2 cloak {rCorr}
rCorr   +            (no gloves)
SInv    +            g - +2 pair of boots {Stlth+}
Will    ++...        (no amulet)
Stlth   +++          i - ring of the Equinox {rPois rF+ Int+3}
HPRegen 0.42/turn    P - ring of Vauti {Fly rC+ rCorr MP+9 Slay-5}
MPRegen 0.31/turn

%: channel magic (20%)
@: unable to hop, flying, slow
A: amphibious, slowness 1, strong legs 2, +LOS
a: Hop, Renounce Religion


You were in an ice cave.
You worshipped Vehumet.
Vehumet was exalted by your worship.
You visited 5 branches of the dungeon, and saw 27 of its levels.
You also visited: Sewer, Gauntlet and Ice Cave.

You collected 2485 gold pieces.
You spent 1883 gold pieces at shops.

Inventory:

Missiles
 B - 5 throwing nets {!f}
Armour
 g - a +2 pair of boots of stealth (worn)
 n - a +2 robe of willpower (worn)
 t - a +2 cloak of preservation (worn)
 H - the +1 helmet "Asturemm" (worn) {rC+}
   (You found it on level 6 of the Dungeon)

   rC+:       It protects you from cold.
 O - an orb of energy (worn)
Magical Staves
 w - the staff of the Stork (weapon) {rN+ Dex+3 SInv Necro}
   (You found it in a Gauntlet)

   [staff of death]

   Base accuracy: +5 Base damage: 5 Base attack delay: 1.2 This weapon's minimum
   attack delay (0.6) is reached at skill level 12.
   Dex+3:     It affects your dexterity (+3).
   rN+:       It protects you from negative energy.
   SInv:      It lets you see invisible.
   Necro:     It increases the power of your Necromancy spells.
   It falls into the 'Staves' category.
   It is a one-handed weapon.
 U - a staff of earth
Jewellery
 i - the ring of the Equinox (left hand) {rPois rF+ Int+3}
   (You acquired it on level 2 of the Orcish Mines)

   [ring of protection from fire]

   Int+3:     It affects your intelligence (+3).
   rF+:       It protects you from fire.
   rPois:     It protects you from poison.
 u - a ring of flight
 P - the ring of Vauti (right hand) {Fly rC+ rCorr MP+9 Slay-5}
   (You bought it in a shop on level 2 of the Orcish Mines)

   [ring of magical power]

   Slay-5:    It affects your accuracy & damage with ranged weapons and melee
   (-5).
   rC+:       It protects you from cold.
   MP+9:      It affects your magic capacity (+9).
   Fly:       It grants you flight.
   rCorr:     It protects you from acid and corrosion.
 Q - a ring of see invisible
Wands
 s - a wand of charming (12)
 F - a wand of digging (4)
 K - a wand of quicksilver (13)
 V - a wand of flame (13)
Scrolls
 e - 5 scrolls of fog
 k - 3 scrolls of fear
 l - 5 scrolls of noise
 m - 6 scrolls of teleportation {!r}
 q - 8 scrolls of blinking {!r}
 r - 6 scrolls of poison
 v - a scroll of torment
 x - a scroll of identify
 y - a scroll of amnesia
 D - 2 scrolls of enchant armour
 E - a scroll of revelation
 L - 2 scrolls of immolation
Potions
 b - 6 potions of magic
 c - 13 potions of curing
 d - a potion of ambrosia
 f - 8 potions of heal wounds
 j - 2 potions of enlightenment
 o - 2 potions of brilliance
 p - a potion of mutation {!q}
 A - 4 potions of cancellation


   Skills:
 - Level 12.0 Fighting
 - Level 2.1 Dodging
 - Level 1.7 Stealth
 - Level 18.1 Spellcasting
 - Level 9.0 Conjurations
 * Level 3.2 Fire Magic
 - Level 20.0 Ice Magic
 - Level 17.1 Air Magic


You had 3 spell levels left.
You knew the following spells:

 Your Spells              Type           Power      Damage    Failure   Level
a - Ozocubu's Armour      Ice            97%        N/A       1%          3
b - Irradiate             Conj/Alch      25%        3d20      5%          5
c - Fireball              Conj/Fire      29%        3d13      3%          5
e - Freezing Cloud        Conj/Ice/Air   43%        6-21      1%          5
f - Conjure Ball Lightni  Conj/Air       40%        3x3d13    1%          6
g - Airstrike             Air            45%        2d(7-23)  1%          4
h - Ozocubu's Refrigerat  Ice            48%        4d18      1%          7
i - Lee's Rapid Deconstr  Erth           13%        3d9*      21%         5
j - Polar Vortex          Ice            48%        12d6*     21%         9

Your spell library contained the following spells:

 Spells                   Type           Power      Damage    Failure   Level
 Spellforged Servitor     Conj/Summ      25%        N/A       61%         7
 Freeze                   Ice            100%       1d10      1%          1
 Magic Dart               Conj           100%       1d8       1%          1
 Sandblast                Erth           52%        2d12      1%          1
 Searing Ray              Conj           100%       2d8       1%          2
 Static Discharge         Conj/Air       100%       3-8/arc   1%          2
 Dazzling Flash           Conj/Hex       100%       N/A       1%          3
 Frozen Ramparts          Ice            100%       1d16      1%          3
 Hailstorm                Conj/Ice       84%        3d14      1%          3
 Mephitic Cloud           Conj/Alch/Air  67%        N/A       1%          3
 Stone Arrow              Conj/Erth      100%       3d13      1%          3
 Necrotise                Necr           100%       1d9       7%          1
 Slow                     Hex            100%       N/A       7%          1
 Confusing Touch          Hex            26%        N/A       14%         3
 Vampiric Draining        Necr           39%        2d8       14%         3
 Brom's Barrelling Bould  Conj/Erth      51%        2d7       2%          4
 Fulminant Prism          Conj/Alch      25%        3d14      2%          4
 Iskenderun's Mystic Bla  Conj/Tloc      51%        2d11      (+2d62%     4
 Summon Lightning Spire   Summ/Air       66%        N/A       3%          4
 Metabolic Englaciation   Hex/Ice        35%        N/A       4%          5
 Silence                  Hex/Air        33%        N/A       6%          5
 Sculpt Simulacrum        Ice/Alch       35%        N/A       13%         6
 Animate Dead             Necr           39%        N/A       34%         4
 Cause Fear               Hex            13%        N/A       34%         4
 Martyr's Knell           Necr/Summ      39%        N/A       34%         4
 Borgnjor's Vile Clutch   Necr/Erth      19%        N/A       63%         5
 Curse of Agony           Necr           39%        N/A       63%         5
 Death Channel            Necr           19%        N/A       98%         6
 Dragon's Call            Summ           13%        N/A       100%        9


Dungeon Overview and Level Annotations

Branches:
Dungeon (15/15) Zot: 25291  Temple (1/1) D:4 Zot: 5948    Lair (5/5) D:10 Zot: 17395
  Swamp (0/4) Lair:3       Spider (4/4) Lair:2 Zot: 18313   Slime (0/5) Lair:4
    Orc (2/2) D:12 Zot: 9282     Elf (0/3) Orc:2        Vaults (0/5) D:13
 Depths (0/4) D:15          Sewer (visited)           IceCv (1/1) Zot: 5239
Gauntlet (visited)

Altars:
Ashenzari
Cheibriados
Dithmenos
Elyvilon
Fedhas
Gozag
Hepliaklqana
Kikubaaqudgha
Makhleb
Nemelex Xobeh
Okawaru
Qazlal
Ru
Sif Muna
Trog
Uskayaw
Vehumet
Wu Jian
Xom
Yredelemnul
Zin
The Shining One
Beogh
Jiyva

Shops:
D:4 :   D:9 *   D:14 :*[[   D:15 =   Orc:1 (   Orc:2 ?!=!

Annotations:
Spider:1 Roxanne
Spider:3 2 transporters, Puwatedi's ghost, adept OnAE


Innate Abilities, Weirdness & Mutations

You are amphibious.
You cover ground slowly.
You can hop long distances.
You have an extended range of vision and can be seen from far away.


Message History

Aim: a white draconian knight, wielding a +2 battleaxe of freezing and wearing a +0 cloak (almost dead, fast, slightly transparent)
The mass of ice explodes!
The iceblast engulfs the white draconian knight but does no damage.
The white draconian knight is almost dead.
Hop to where?
Press: ? - help, Dir - move target, p - white draconian knight Boing!
Aiming: Iceblast
Press: ? - help, Q - select action, (/) - cycle Shift-Dir - straight line, f - white draconian knight
Aim: a white draconian knight, wielding a +2 battleaxe of freezing and wearing a +0 cloak (almost dead, fast, slightly transparent)
The mass of ice explodes!
The iceblast engulfs the white draconian knight.
The white draconian knight partially resists.
The white draconian knight is almost dead.
The now-empty wand crumbles to dust.
Aiming: Mindburst
Press: ? - help, Q - select action, (/) - cycle Shift-Dir - straight line, f/p - white draconian knight
Aim: a white draconian knight, wielding a +2 battleaxe of freezing and wearing a +0 cloak (almost dead, fast, slightly transparent, chance to affect: 47%)
The white draconian knight resists with some effort.
You hear a roar!
Aiming: Mindburst
Press: ? - help, Q - select action, (/) - cycle Shift-Dir - straight line, f/p - white draconian knight
Aim: a white draconian knight, wielding a +2 battleaxe of freezing and wearing a +0 cloak (almost dead, fast, slightly transparent, chance to affect: 47%)
The white draconian knight resists with some effort.
The now-empty wand crumbles to dust.
The white draconian knight breathes frost at you.
The blast of cold hits you! You resist.
* * * LOW HITPOINT WARNING * * *
You take 16 damage, and have 34/133 hp.
The air fills with toxic fumes!
As you read the scroll of poison, it crumbles to dust.
The white draconian knight gestures at you while chanting.
The bolt of cold hits you! You resist.
* * * LOW HITPOINT WARNING * * *
The white draconian breathes frost at you.
The blast of cold hits you! You resist.
* * * LOW HITPOINT WARNING * * *
The white draconian knight points at you and mumbles some strange words.
The bolt of cold hits you! You resist.
You die...

##§§§##
##§§§§§##
#§§§§§§§#
#§§§§§§§#
##§§§§§##
##§§§## #§q§##
##§§§# ##@§§#
##§§§§#
#§§§#§§§§.#
#§d####§###
##§.## ## ##..#
####..####
##.#....#.##
##..........###


You could see a white draconian knight (fast, invisible, catching breath) and a
white draconian (catching breath).

Vanquished Creatures
  Rupert (D:14)
  Kirke (D:15)
  Agnes (D:15)
  4 emperor scorpions
  Louise (Spider:1)
  2 ghost moths
  A broodmother (Spider:1)
  A minotaur (Gauntlet)
  A spark wasp (Spider:4)
  Azrael (D:15)
  2 white draconians (IceCv)
  A fire dragon (Lair:5)
  2 entropy weavers
  A radroach (Spider:2)
  5 catoblepae
  A vault guard (D:13)
  7 hydras
  2 ogre magi (Orc:2)
  9 centaur warriors
  A sphinx skeleton (D:15)
  A tengu warrior (D:15)
  5 boulder beetles
  12 two-headed ogres
  5 demonic crawlers
  An occultist (D:15)
  10 death yaks
  A storm dragon zombie (D:15)
  An iron troll (Orc:2)
  Nergalle (Lair:2)
  4 pharaoh ants
  A skyshark (Lair:5)
  6 skeletal warriors
  A deep troll (Orc:2)
  A flayed ghost (D:15)
  5 orb spiders
  A bog body (Lair:3)
  2 sun moths
  An orange crystal statue (IceCv)
  5 steelbarb worms
  2 lindwurms (Lair:5)
  2 orc knights
  4 obsidian bats
  A necromancer (D:15)
  5 manticores
  17 wolf spiders
  6 cyclopes
  A deep elf pyromancer (D:14)
  An orc sorcerer (Orc:2)
  14 ugly things
  3 meliai (Gauntlet)
  5 moths of wrath
  9 elephants
  4 black mambas
  Joseph (D:8)
  2 kobold blastminers (Orc:2)
  4 molten gargoyles
  4 torpor snails
  A storm dragon simulacrum (IceCv)
  3 gargoyles
  An unseen horror (D:11)
  9 cane toads
  A kobold demonologist (D:12)
  Jeremiah (D:8)
  2 freezing wraiths (Spider:4)
  Maggie (Lair:1)
  4 rime drakes
  11 komodo dragons
  4 golden dragon simulacra (IceCv)
  12 trolls
  A polar bear (shapeshifter) (D:10)
  A hornet (D:11)
  30 jumping spiders
  22 tarantellas
  2 polar bears
  3 blink frogs (Lair:1)
  11 slime creatures
  2 shadows
  16 culicivoras
  4 fire elementals (D:15)
  4 wraiths
  71 yaks
  A yak (shapeshifter) (D:13)
  3 humans (D:15)
  6 wyverns
  A warg (Orc:2)
  3 steam dragons
  37 redbacks
  4 basilisks
  A hog (D:15)
  A swamp worm (Lair:3)
  An acid dragon (D:7)
  3 vampire mosquitoes
  7 hell hounds
  8 water moccasins
  Duvessa (D:6)
  An ice beast (D:6)
  A sky beast (D:6)
  5 black bears
  13 orc warriors
  4 ice dragon simulacra (IceCv)
  A laughing skull (D:13)
  A crocodile (Sewer)
  21 ogres
  9 centaurs
  2 phantoms
  2 kobold brigands
  27 wolves
  A gnoll sergeant (D:9)
  11 bullfrogs
  A scorpion (D:10)
  19 wights
  Dowan (D:6)
  9 killer bees
  3 lindwurm simulacra (IceCv)
  5 electric eels
  7 howler monkeys
  2 bombardier beetles
  2 crimson imps (D:3)
  5 lava snakes (Lair:5)
  2 quasits (D:5)
  12 orc priests
  3 hounds (D:5)
  4 gnoll boudas
  2 jellies (D:4)
  Jessica (D:3)
  Natasha (thrice) (D:4)
  4 iguanas
  20 orc wizards
  2 hell rats (Lair:5)
  31 gnolls
  9 river rats (Lair:5)
  2 adders
  4 shadow imps
  3 white imps
  3 ufetubi
  A dart slug (D:5)
  4 ribbon worms
  55 orcs
  5 bats
  9 endoplasms
  5 giant cockroaches
  3 goblins
  9 hobgoblins
  6 jackals
  16 kobolds
  4 quokkas
  15 ball pythons
  2 frilled lizards (D:1)
  7 rats
  A butterfly (D:4)
888 creatures vanquished.

Vanquished Creatures (collateral kills)
  2 jumping spiders (Spider:1)
  2 wolves (Lair:1)
  An orc wizard (D:6)
  An orc (D:6)
6 creatures vanquished.

Vanquished Creatures (others)
  A human (D:15)
1 creature vanquished.

Grand Total: 895 creatures vanquished

Notes
Turn   | Place    | Note
-------+----------+-------------------------------------------
     0 | D:1      | sasameki the Barachi Conjurer began the quest for the Orb.
     0 | D:1      | Reached XP level 1. HP: 13/13 MP: 3/3
   121 | D:1      | Reached XP level 2. HP: 19/19 MP: 1/5
   465 | D:1      | Reached skill level 5 in Conjurations
   558 | D:1      | Learned a level 2 spell: Searing Ray
   568 | D:1      | Reached XP level 3. HP: 24/24 MP: 5/7
  1581 | D:2      | Reached XP level 4. HP: 30/30 MP: 4/8
  2268 | D:3      | Noticed Jessica
  2270 | D:3      | Killed Jessica
  2441 | D:3      | Found a sacrificial altar of Ru.
  2644 | D:3      | Found a faded altar of an unknown god.
  2728 | D:3      | Found a shimmering altar of Xom.
  2768 | D:3      | Reached XP level 5. HP: 24/35 MP: 0/10
  3496 | D:4      | Found a glowing drain.
  3645 | D:4      | Reached XP level 6. HP: 41/41 MP: 6/12
  3844 | Sewer    | Entered a sewer
  4164 | D:4      | Found Maivus's Book Shoppe.
  4305 | D:4      | Found a hide-covered altar of Uskayaw.
  4343 | D:4      | Noticed Natasha
  4349 | D:4      | Killed Natasha
  4350 | D:4      | Reached XP level 7. HP: 46/46 MP: 4/13
  4357 | D:4      | Noticed Natasha
  4584 | D:4      | Killed Natasha
  4700 | D:4      | Found a staircase to the Ecumenical Temple.
  4710 | Temple   | Entered the Ecumenical Temple
  4732 | Temple   | Became a worshipper of Vehumet
  4799 | D:4      | Reached skill level 5 in Spellcasting
  5007 | D:5      | Entered Level 5 of the Dungeon
  5301 | D:4      | Found a hide-covered altar of Uskayaw.
  5420 | D:4      | Found Maivus's Book Shoppe.
  5543 | D:4      | Noticed Natasha
  5546 | D:4      | Killed Natasha
  5598 | D:4      | Found a staircase to the Ecumenical Temple.
  5672 | D:4      | Bought a book of Frost for 220 gold pieces
  5676 | D:4      | Learned a level 3 spell: Hailstorm
  5748 | D:5      | Reached skill level 1 in Ice Magic
  5748 | D:5      | Reached XP level 8. HP: 52/52 MP: 4/16
  5833 | D:5      | Reached skill level 2 in Ice Magic
  6132 | D:5      | Reached skill level 3 in Ice Magic
  6413 | D:5      | Reached skill level 4 in Ice Magic
  6708 | D:6      | Reached skill level 5 in Ice Magic
  6712 | D:6      | Reached * piety under Vehumet
  6712 | D:6      | Offered knowledge of Sandblast by Vehumet.
  6849 | D:6      | Identified the +1 helmet "Asturemm" {rC+}
  6862 | D:6      | Found a basalt altar of Yredelemnul.
  6862 | D:6      | Noticed Duvessa
  6862 | D:6      | Noticed Dowan
  6871 | D:6      | Killed Dowan
  6872 | D:6      | Killed Duvessa
  6873 | D:6      | Reached skill level 6 in Ice Magic
  7285 | D:6      | Reached XP level 9. HP: 57/57 MP: 13/19
  7335 | D:6      | Reached skill level 7 in Ice Magic
  7663 | D:6      | Reached skill level 8 in Ice Magic
  8226 | D:6      | Learned a level 3 spell: Frozen Ramparts
  8463 | D:7      | Reached skill level 9 in Ice Magic
  8681 | D:7      | Reached ** piety under Vehumet
  8755 | D:7      | Offered knowledge of Scorch by Vehumet.
  9372 | D:8      | Identified the +5 scale mail of the Zebra {rC- Regen+ Str+4
                  | Slay-2}
  9507 | D:8      | Reached skill level 10 in Ice Magic
  9730 | D:8      | Reached XP level 10. HP: 63/63 MP: 17/22
  9947 | D:8      | Noticed Jeremiah
 10046 | D:8      | Reached skill level 11 in Ice Magic
 10326 | D:8      | Offered knowledge of Volatile Blastmotes by Vehumet.
 10487 | D:8      | Killed Jeremiah
 10575 | D:8      | Noticed Joseph
 10747 | D:8      | Reached skill level 12 in Ice Magic
 10942 | D:8      | Reached skill level 5 in Fighting
 10942 | D:8      | Reached skill level 10 in Spellcasting
 10942 | D:8      | Reached skill level 14 in Ice Magic
 10942 | D:8      | Reached XP level 11. HP: 80/80 MP: 23/25
 10968 | D:8      | Killed Joseph
 11119 | D:9      | Reached *** piety under Vehumet
 11174 | D:9      | Found Qunleimn's General Store.
 11263 | D:9      | Noticed a two-headed ogre
 11453 | D:9      | Found a shimmering blue altar of Sif Muna.
 11502 | D:9      | Found a stormy altar of Qazlal.
 11610 | D:9      | Killed a two-headed ogre
 11951 | D:9      | Reached skill level 15 in Ice Magic
 12208 | D:10     | Entered Level 10 of the Dungeon
 12302 | D:4      | Bought a book of Storms for 286 gold pieces
 12307 | D:4      | Learned a level 4 spell: Airstrike
 12494 | D:10     | Reached skill level 1 in Air Magic
 12772 | D:10     | Reached XP level 12. HP: 86/86 MP: 17/26
 12838 | D:10     | Offered knowledge of Sticky Flame by Vehumet.
 12839 | D:10     | Reached skill level 5 in Air Magic
 12986 | D:10     | Found a staircase to the Lair.
 13790 | D:10     | Found an iron altar of Okawaru.
 13790 | D:10     | Found a faded altar of an unknown god.
 13796 | D:10     | Found a glowing golden altar of the Shining One.
 13799 | D:10     | Found a broken altar of Ashenzari.
 13801 | D:10     | Found an opulent altar of Gozag.
 13849 | D:10     | Found a blossoming altar of Fedhas.
 13919 | D:10     | Reached **** piety under Vehumet
 14388 | Lair:1   | Entered Level 1 of the Lair of Beasts
 14401 | Lair:1   | Noticed Maggie
 14407 | Lair:1   | Killed Maggie
 14943 | Lair:1   | Offered knowledge of Freezing Cloud by Vehumet.
 14950 | Lair:1   | Learned a level 5 spell: Freezing Cloud
 15326 | Lair:1   | Found the +18 Lear's hauberk
 15330 | Lair:1   | Reached skill level 10 in Air Magic
 16621 | Lair:2   | Found a hole to the Spider Nest.
 16774 | Lair:2   | Gained mutation: You can hop long distances. [Barachi
                  | growth]
 16774 | Lair:2   | Reached XP level 13. HP: 92/92 MP: 20/28
 17059 | Lair:2   | Reached ***** piety under Vehumet
 17059 | Lair:2   | Offered knowledge of Conjure Ball Lightning by Vehumet.
 17080 | Lair:2   | Learned a level 6 spell: Conjure Ball Lightning
 17887 | Lair:2   | Noticed Nergalle
 19485 | Lair:3   | Found a staircase to the Swamp.
 19857 | Lair:2   | Found a hole to the Spider Nest.
 19935 | Lair:2   | Killed Nergalle
 20276 | Lair:4   | Found a viscous altar of Jiyva.
 20277 | Lair:4   | Found a staircase to the Slime Pits.
 21441 | Lair:5   | Entered Level 5 of the Lair of Beasts
 22380 | Lair:5   | Reached XP level 14. HP: 98/98 MP: 21/30
 22569 | Lair:5   | Reached skill level 15 in Air Magic
 23938 | Lair:5   | Found a large runed translucent door.
 23939 | Lair:5   | Found a large runed translucent door.
 24492 | Lair:5   | Offered knowledge of Starburst by Vehumet.
 27501 | D:12     | Found a staircase to the Orcish Mines.
 28131 | D:12     | Reached XP level 15. HP: 106/106 MP: 18/33
 28509 | D:4      | Bought a book of Ice for 550 gold pieces
 28665 | Orc:1    | Entered Level 1 of the Orcish Mines
 28665 | Orc:1    | Found Neiddin's Weapon Shoppe.
 28687 | D:12     | Learned a level 7 spell: Ozocubu's Refrigeration
 29485 | Orc:2    | Entered Level 2 of the Orcish Mines
 29641 | Orc:2    | Offered knowledge of Eringya's Noxious Bog by Vehumet.
 29694 | Orc:2    | Found a roughly hewn altar of Beogh.
 30373 | Orc:2    | Reached skill level 16 in Ice Magic
 30576 | Orc:2    | Found Raiwn's Jewellery Boutique.
 30602 | Orc:2    | Found Qiusatt's Magic Scroll Emporium.
 30607 | Orc:2    | Bought the ring of Vauti {Fly rC+ rCorr MP+9 Slay-5} for
                  | 289 gold pieces
 30608 | Orc:2    | Found Vikoes's Distillery.
 30609 | Orc:2    | Found Qeczicam's Distillery.
 30630 | Orc:2    | Found a staircase to the Elven Halls.
 31346 | Orc:2    | Bought a potion of cancellation for 104 gold pieces
 31346 | Orc:2    | Bought a potion of brilliance for 52 gold pieces
 31346 | Orc:2    | Bought a potion of heal wounds for 65 gold pieces
 31346 | Orc:2    | Bought a potion of enlightenment for 65 gold pieces
 31352 | Orc:2    | Bought a scroll of immolation for 52 gold pieces
 31353 | Orc:2    | Bought a scroll of identify for 26 gold pieces
 31358 | Orc:2    | Identified a scroll of acquirement
 31359 | Orc:2    | Acquired the ring of the Equinox {rPois rF+ Int+3}
 31383 | Orc:2    | Reached skill level 15 in Spellcasting
 31463 | D:13     | Offered knowledge of Lee's Rapid Deconstruction by Vehumet.
 31470 | D:13     | Learned a level 5 spell: Lee's Rapid Deconstruction
 32488 | D:13     | Found a gate to the Vaults.
 32540 | D:14     | Found Nibuel's Antique Armour Emporium.
 32788 | D:14     | Found Diximn's Book Emporium.
 32792 | D:14     | Found Roaqupn's Armour Shoppe.
 32991 | D:14     | Found Hetusile's Antique Armour Emporium.
 33004 | D:14     | Found a transporter.
 33022 | D:14     | Found a white marble altar of Elyvilon.
 33022 | D:14     | Found a transporter.
 33033 | D:14     | Found Yciron's General Store.
 33042 | D:14     | Bought a potion of curing for 36 gold pieces
 33042 | D:14     | Bought a scroll of identify for 24 gold pieces
 33042 | D:14     | Bought a scroll of identify for 24 gold pieces
 33042 | D:14     | Bought a scroll of blinking for 90 gold pieces
 33061 | D:14     | Noticed Rupert
 33066 | D:14     | Killed Rupert
 33067 | D:14     | Reached skill level 17 in Ice Magic
 33070 | D:14     | Reached XP level 16. HP: 108/119 MP: 35/35
 33558 | D:15     | Entered Level 15 of the Dungeon
 33638 | D:15     | Noticed Kirke
 33642 | D:15     | Killed Kirke
 33694 | D:15     | Noticed Agnes
 33778 | D:15     | Found Inkah's Jewellery Emporium.
 33868 | D:15     | Found a gate leading to a gauntlet.
 33885 | Gauntlet | Entered a Gauntlet
 33885 | Gauntlet | Found a transporter.
 33992 | Gauntlet | Found a transporter.
 34010 | Gauntlet | Found a transporter.
 34012 | Gauntlet | Found a transporter.
 34023 | Gauntlet | Found a transporter.
 34047 | Gauntlet | Found a transporter.
 34061 | Gauntlet | Found a transporter.
 34083 | Gauntlet | Found a transporter.
 34086 | Gauntlet | Found a transporter.
 34095 | Gauntlet | Found a transporter.
 34122 | Gauntlet | Found a transporter.
 34131 | Gauntlet | Found a transporter.
 34360 | Gauntlet | Identified the staff of the Stork {rN+ Dex+3 SInv Necro}
 34385 | Gauntlet | Learned a level 9 spell: Polar Vortex
 34391 | Gauntlet | Learned a level 3 spell: Ozocubu's Armour
 34956 | D:15     | Noticed Azrael
 34959 | D:15     | Reached skill level 18 in Ice Magic
 34960 | D:15     | Killed Azrael
 35074 | D:15     | Reached skill level 10 in Fighting
 35078 | D:15     | Offered knowledge of Irradiate by Vehumet.
 35088 | D:15     | Learned a level 5 spell: Irradiate
 35448 | D:15     | Found a staircase to the Depths.
 35628 | D:15     | Killed Agnes
 35819 | Spider:1 | Entered Level 1 of the Spider Nest
 35857 | Spider:1 | Noticed Louise
 35863 | Spider:1 | Killed Louise
 37157 | Spider:1 | Reached XP level 17. HP: 130/130 MP: 35/38
 37672 | Spider:1 | Noticed Roxanne
 38113 | Spider:2 | Reached skill level 19 in Ice Magic
 38148 | Spider:2 | Offered knowledge of Arcjolt by Vehumet.
 39622 | Spider:3 | Found a transporter.
 39634 | Spider:3 | Found a transporter.
 39661 | Spider:3 | Noticed Puwatedi's ghost (adept OnAE)
 40508 | Spider:3 | Offered knowledge of Spellforged Servitor by Vehumet.
 40549 | Spider:3 | Reached ****** piety under Vehumet
 40934 | Spider:4 | Entered Level 4 of the Spider Nest
 40974 | Spider:4 | Reached skill level 20 in Ice Magic
 41052 | Spider:4 | Found a glacial archway.
 41074 | Spider:4 | Learned a level 5 spell: Fireball
 41161 | IceCv    | Entered an ice cave
 41175 | IceCv    | Reached skill level 1 in Fire Magic
 41892 | IceCv    | Killed from afar by a white draconian knight

Illustrated notes

Levels and vault maps discovered:
D:1:      minmay_arrival_checkered_box, layout_basic,
          wad_floor_pattern_untrapped
D:2:      layout_basic
D:3:      layout_loops_ring, led_xom_imps, mainiacjoe_overflow_paths,
          dilly_ecumenical_altar_fadedgnrine, uniq_jessica
D:4:      layout_loops_ring, mainiacjoe_overflow_boulevard,
          minmay_temple_entry_butterflies,
          mainiacjoe_sewer_entry_somewhere_in_here_2, serial_shops, shop,
          uniq_natasha
D:5:      layout_cave_pools, serial_demonic, serial_demonic_d, serial_demonic_c,
          serial_demonic_b, serial_demonic_f, serial_demonic_c
D:6:      layout_loops_ring, overflow_temple_1_default, minmay_starry_boxes,
          uniq_duvessa
D:7:      layout_loops_ring
D:8:      layout_basic, uniq_joseph, uniq_jeremiah
D:9:      layout_irregular_city, lemuel_crystal_altar,
          nicolae_qazlal_eye_of_the_storm, serial_shops, shop
D:10:     layout_basic, fedhas_altar_fruit_tree,
          chequers_temple_overflow_minitemple, grunt_lair_entry_orc_guard_hut
D:11:     layout_roguey
D:12:     layout_roguey, orc_0_dummy, serial_rivers,
          chequers_serial_rivers_micro_c, chequers_serial_rivers_small_3,
          chequers_serial_rivers_marsh, chequers_serial_rivers_room_b,
          hangedman_abyss_or_decor_clamps
D:13:     layout_roguey, david_vaults_5
D:14:     layout_gridville, serial_shops, shop, shop, nicolae_shop_hallway_plus,
          nicolae_shop_statue_plus, shop, elyvilon_altar_4, uniq_rupert
D:15:     gammafunk_depths_entry_grave, layout_long_grid,
          gauntlet_entry_generic, serial_shops, nicolae_shop_gaudy_bauble,
          uniq_azrael, uniq_agnes, uniq_kirke
Temple:   bh_familiar_temple
Lair:1:   layout_hall_layers, guppyfry_lair_drakes, uniq_maggie
Lair:2:   layout_regular_city, spider_nest_entry_a, st_stairs_4,
          chequers_serial_rivers_micro_b, uniq_nergalle
Lair:3:   layout_regular_city, nicolae_swamp_entry_splash_gauntlet,
          serial_bayou_lagoon_b, lemuel_fruit_tree
Lair:4:   layout_layer_cave, slime_entry_1, grunt_megastairs_1
Lair:5:   cheibrodos_lair_end_hotspot, layout_cave_shapes,
          bh_autumn_forest_stairs, minivault_26, ldierk_geyser,
          kennysheep_rathole
Spider:1: layout_spider_delve, uniq_louise, uniq_roxanne
Spider:2: layout_spider_delve
Spider:3: layout_cave_pods, gammafunk_ghost_berserking_beasts,
          nicolae_spider_nook
Spider:4: grunt_spider_rune_circles, portal_ice_cave_entry_frozen_things,
          hellmonk_deceptive_appearances, uniq_mara
Orc:1:    layout_caves, serial_shops, nicolae_diamond_shop,
          nicolae_orc_takin'_care_of_business
Orc:2:    st_orc_open, layout_caves, basic_altar
IceCv:    ice_cave_small_dragons

Skill      XL: |  1  2  3  4  5  6  7  8  9 10 11 12 13 14 15 16 17 |
---------------+----------------------------------------------------+-----
Conjurations   | 5 6 7 9 |  9.0
Spellcasting   | 3 4 5 6 8 10 11 12 14 15 17 18 | 18.1
Ice Magic      | 1 6 10 14 15 17 18 20 | 20.0
Fighting       | 5 6 8 10 12 | 12.0
Air Magic      | 4 11 14 17 | 17.1
Fire Magic     | 3 |  3.2
Dodging        | |  2.1
Stealth        | |  1.7

Action                     |  1- 3 |  4- 6 |  7- 9 | 10-12 | 13-15 | 16-18 || total
---------------------------+-------+-------+-------+-------+-------+-------++-------
  Melee: Rapier            |    27 |    20 |    23 |    17 |    21 |       ||   108
         Staff             |       |       |       |       |       |     1 ||     1
  Throw: Dart              |       |       |       |     2 |       |       ||     2
         Throwing net      |       |       |       |     1 |       |       ||     1
   Cast: Magic Dart        |    79 |    81 |   139 |    93 |       |       ||   392
         Searing Ray       |     2 |    10 |    43 |    20 |     4 |       ||    79
         Hailstorm         |       |       |    50 |    56 |    18 |       ||   124
         Frozen Ramparts   |       |       |       |    21 |     8 |       ||    29
         Airstrike         |       |       |       |   150 |   566 |   131 ||   847
         Freezing Cloud    |       |       |       |       |    21 |     1 ||    22
         Ozocubu's Refrige |       |       |       |       |    71 |   232 ||   303
         Fireball          |       |       |       |       |       |    38 ||    38
         Lee's Rapid Decon |       |       |       |       |       |     7 ||     7
         Irradiate         |       |       |       |       |       |     2 ||     2
         Ozocubu's Armour  |       |       |       |       |       |     1 ||     1
Ability: Hop               |     3 |       |     7 |    13 |    37 |    17 ||    77
  Evoke: Wand              |       |       |     4 |    23 |       |    31 ||    58
    Use: Scroll            |       |       |       |    16 |    11 |    13 ||    40
         Potion            |       |       |       |     1 |       |     4 ||     5
 Armour: Robe              |    15 |    29 |    82 |    67 |   123 |    95 ||   411
  Dodge: Dodged            |    21 |    14 |    26 |    39 |    55 |    25 ||   180
  Block: Buckler           |       |       |     3 |     1 |       |       ||     4

Table legend: (Time is in decaauts)
 A = Elapsed time spent in this place.
 B = Non-inter-level travel time spent in this place.
 C = Inter-level travel time spent in this place.
 D = Time resting spent in this place.
 E = Time spent auto-exploring this place.
 F = Levels seen in this place.
 G = Mean time per level.
                   A        B        C        D        E       F      G
               +--------+--------+--------+--------+--------+-----+--------+
         Total |  46104 |  41070 |   5034 |   2415 |  33705 |  30 | 1536.8 |
       Dungeon |  23298 |  20006 |   3292 |   1039 |  16445 |  15 | 1553.2 |
        Temple |     51 |      2 |     49 |      0 |      0 |   1 |   51.0 |
          Lair |  12604 |  11534 |   1070 |    617 |   9635 |   5 | 2520.8 |
   Spider Nest |   5686 |   5308 |    378 |    157 |   4623 |   4 | 1421.5 |
  Orcish Mines |   2717 |   2473 |    244 |    219 |   1977 |   2 | 1358.5 |
         Sewer |    234 |    234 |      0 |      0 |    200 |   1 |  234.0 |
      Ice Cave |    759 |    759 |      0 |    383 |    172 |   1 |  759.0 |
      Gauntlet |    752 |    752 |      0 |      0 |    650 |   1 |  752.0 |
               +--------+--------+--------+--------+--------+-----+--------+

Top non-repeatable levels by time:
  Lair:5: 4199 daAuts
    D:10: 2460 daAuts
  Lair:1: 2393 daAuts
Spider:1: 2313 daAuts
  Lair:2: 2255 daAuts
     D:4: 2133 daAuts
  Lair:4: 2064 daAuts
     D:8: 2051 daAuts
   Orc:2: 1873 daAuts
    D:12: 1820 daAuts
  Lair:3: 1692 daAuts
Spider:3: 1654 daAuts
     D:6: 1620 daAuts
Spider:2: 1499 daAuts
     D:2: 1490 daAuts
